 Dungeon Crawl Stone Soup version 0.29-a0-359-g541a27f54d (webtiles) character file.

Game seed: 9660684357538918638

7200 quokkamancerX the Fighter (level 11, -9/74 HPs)
             Began as a Gargoyle Earth Elementalist on Apr 26, 2022.
             Was an Elder of Vehumet.
             Killed from afar by a lich (22 damage)
             ... with a bolt of cold
             ... on level 2 of the Abyss on Apr 28, 2022.
             The game lasted 01:34:21 (15534 turns).

quokkamancerX the Fighter (GrEE)                   Turns: 15534, Time: 01:34:22

Health: -9/74      AC: 26    Str: 13    XL:     11   Next: 11%
Magic:  25/25      EV: 10    Int: 19    God:    Vehumet [****..]
Gold:   474        SH:  7    Dex: 10    Spells: 24/30 levels left

rFire   . . .      SeeInvis .   J - +3 rapier (elec)
rCold   . . .      Faith    +   D - +0 kite shield
rNeg    + . .      Spirit   .   I - +0 steam dragon scales
rPois   ∞          Reflect  .   x - +2 helmet
rElec   +          Harm     .   o - +2 cloak
rCorr   +          Rampage  .   t - +2 pair of gloves
Will    .....                   (no boots)
Stlth   ++........              c - amulet of faith
HPRegen 0.22/turn               f - +4 ring of protection
MPRegen 0.19/turn               g - ring of resist corrosion

@: studying Fighting
A: sickness immunity, AC +8, negative energy resistance 1, electricity
resistance, torment resistance 1, petrification resistance
a: Renounce Religion


You were on level 2 of the Abyss.
You worshipped Vehumet.
Vehumet was greatly pleased with you.
You visited 2 branches of the dungeon, and saw 11 of its levels.
You visited the Abyss 1 time.

You collected 731 gold pieces.
You spent 257 gold pieces at shops.

Inventory:

Hand Weapons
 h - a +1 dagger of venom
 J - a +3 rapier of electrocution (weapon)
Missiles
 a - 135 stones
Armour
 o - a +2 cloak (worn)
 t - a +2 pair of gloves (worn)
 x - a +2 helmet (worn)
 D - a +0 kite shield (worn)
 I - +0 steam dragon scales (worn)
Jewellery
 c - an amulet of faith (around neck)
 f - a +4 ring of protection (left hand)
 g - a ring of resist corrosion (right hand)
 s - a ring of flight
 F - a ring of wizardry
Wands
 k - a wand of paralysis (10) (quivered)
 v - a wand of flame (32)
 A - a wand of charming (7)
 E - a wand of acid (21)
 K - a wand of iceblast (3)
Scrolls
 d - 2 scrolls of amnesia
 e - 5 scrolls of summoning
 j - 2 scrolls of fear
 l - a scroll of silence
 m - 2 scrolls of magic mapping
 p - a scroll of vulnerability
 y - a scroll of immolation
 B - 2 scrolls of teleportation
Potions
 i - 4 potions of brilliance
 r - 3 potions of attraction
 u - 3 potions of resistance
 w - 3 potions of ambrosia
 z - 4 potions of curing
 C - a potion of mutation
 G - a potion of might


   Skills:
 * Level 11.4 Fighting
 + Level 1.5 Armour
 - Level 1.5 Dodging
 - Level 2.1 Stealth
 + Level 1.5 Shields
 - Level 10.0 Spellcasting
 - Level 7.6 Conjurations
 - Level 0.7 Transmutations
 - Level 10.0 Earth Magic


You had 24 spell levels left.
You knew the following spells:

 Your Spells              Type           Power      Damage    Failure   Level
a - Sandblast             Erth           94%        2d19      1%          1
b - Passwall              Tmut/Erth      24%        N/A       4%          2
c - Stone Arrow           Conj/Erth      86%        3d12      1%          3

Your spell library contained the following spells:

 Spells                   Type           Power      Damage    Failure   Level
 Yara's Violent Unravell  Hex/Tmut       5%         3d4       78%         5
 Foxfire                  Conj/Fire      96%        2x1d8     1%          1
 Shock                    Conj/Air       96%        1d9       1%          1
 Static Discharge         Conj/Air       24%        N/A       2%          2
 Conjure Flame            Conj/Fire      24%        6-21      4%          3
 Flame Wave               Conj/Fire      24%        2d7       13%         4
 Inner Flame              Hex/Fire       9%         N/A       19%         3
 Petrify                  Tmut/Erth      29%        N/A       26%         4
 Lightning Bolt           Conj/Air       12%        1d25      32%         5
 Airstrike                Air            4%         N/A       50%         4
 Swiftness                Air            9%         N/A       58%         3
 Maxwell's Capacitive Co  Air            4%         ∞         100%        8


Dungeon Overview and Level Annotations

Branches:
Dungeon (10/15)            Temple (1/1) D:6             Orc (0/2) D:9
   Lair: D:8-11

Altars:
Ashenzari
Cheibriados
Dithmenos
Elyvilon
Fedhas
Gozag
Hepliaklqana
Kikubaaqudgha
Makhleb
Nemelex Xobeh
Okawaru
Qazlal
Ru
Sif Muna
Trog
Uskayaw
Vehumet
Wu Jian
Xom
Yredelemnul
Zin
The Shining One

Shops:
D:6 *??[

Annotations:
D:10 Erolcha


Innate Abilities, Weirdness & Mutations

You are immune to sickness and miasma.
Your stone body is resilient. (AC +8)
You are immune to poison.
You resist negative energy. (rN+)
You are resistant to electric shocks. (rElec)
You are resistant to unholy torment.
You are immune to petrification.


Message History

As you read the scroll of fog, it crumbles to dust.
The scroll dissolves into smoke.
The pharaoh ant bites you but does no damage.
You block the pharaoh ant's attack.
Press: ? - help, v - describe, . - travel
Here: a pharaoh ant (purple smoke)
The floor.
A pharaoh ant is nearby!
Unknown command.
Casting: Stone Arrow (safe; 1% risk of failure)
Confirm with . or Enter, or press ? or * to list all spells.
Aiming: Stone Arrow (safe; 1% risk of failure)
Press: ? - help, Shift-Dir - straight line, f/p - pharaoh ant
Aim: a pharaoh ant (purple smoke, 82% to hit)
The stone arrow hits the pharaoh ant!!
The pharaoh ant is heavily damaged.
The pharaoh ant completely misses you.
Unknown command.
Casting: Stone Arrow (safe; 1% risk of failure)
Confirm with . or Enter, or press ? or * to list all spells.
Aiming: Stone Arrow (safe; 1% risk of failure)
Press: ? - help, Shift-Dir - straight line, f/p - pharaoh ant
Aim: a pharaoh ant (purple smoke, heavily damaged, 82% to hit)
The stone arrow hits the pharaoh ant!!
You destroy the pharaoh ant!
That felt strangely unrewarding.
You feel your power returning.
You start resting.
A white imp is nearby!
A wretched star comes into view.
The white imp puffs mist at you.
You hit the white imp.
The white imp is lightly wounded.
You block the white imp's attack.
You puncture the white imp!
You kill the white imp!
That felt strangely unrewarding.
You feel your power returning.
A lich comes into view.
The lich casts a spell at you. The bolt of cold hits you!!
You die...

.# ### .. .#
########. #
...##.....#. #.#
#.. ...#... ....
#.* #.... .L.. ##
#.. #...#..#
#...#.. ##..#
.......####@###
#....#.#... .
##..........
.#####........#..
#.§§ #...####..# .
§§§§§.#..##...
.#§§###.##.#......
..§§# ..# # .#..
.. # ##.. .


You could see a lich.

Vanquished Creatures
  A pharaoh ant (Abyss:2)
  Maggie (D:10)
  A troll (D:9)
  A hornet (D:9)
  A large abomination (Abyss:2)
  4 yaks
  A wyvern (D:7)
  2 wraiths
  Menkaure (D:6)
  2 steam dragons
  An acid dragon (D:9)
  2 water moccasins
  4 orc warriors
  4 sky beasts
  An ice beast (D:7)
  2 black bears
  A centaur (D:6)
  7 kobold brigands
  A bullfrog (D:7)
  2 necrophages
  2 gnoll sergeants
  A scorpion (D:4)
  12 wights
  10 killer bees
  3 howler monkeys
  A crimson imp (Abyss:2)
  5 gnoll shamans
  2 jellies
  A hound (D:4)
  11 orc priests
  3 iguanas
  Terence (D:2)
  Ijyb (D:3)
  13 orc wizards
  35 gnolls
  9 adders
  A river rat (D:4)
  3 shadow imps
  A white imp (Abyss:2)
  6 worms
  67 orcs
  14 endoplasms
  6 giant cockroaches
  6 goblins
  10 hobgoblins
  2 quokkas
  7 ball pythons
  5 bats
  4 frilled lizards
  30 kobolds
  4 rats
316 creatures vanquished.

Vanquished Creatures (others)
  An ufetubus (Abyss:2)
  An orc (D:9)
  6 foxfires (Abyss:2)
  7 fungi
  A plant (Abyss:2)
16 creatures vanquished.

Grand Total: 332 creatures vanquished

Notes
Turn   | Place    | Note
-------+----------+-------------------------------------------
     0 | D:1      | quokkamancerX the Gargoyle Earth Elementalist began the
                  | quest for the Orb.
     0 | D:1      | Reached XP level 1. HP: 10/10 MP: 3/3
   529 | D:1      | Reached XP level 2. HP: 15/15 MP: 5/5
   715 | D:1      | Found a faded altar of an unknown god.
  1253 | D:1      | Reached XP level 3. HP: 19/19 MP: 6/6
  1487 | D:2      | Identified the +0 leather armour of Neonu {rF++ Dex+3}
  1504 | D:2      | Noticed Terence
  1528 | D:2      | Killed Terence
  1529 | D:2      | Reached XP level 4. HP: 2/24 MP: 1/8
  1917 | D:2      | Reached skill level 5 in Earth Magic
  2474 | D:3      | Reached XP level 5. HP: 17/28 MP: 3/10
  2711 | D:3      | Found a burning altar of Makhleb.
  3176 | D:3      | Noticed Ijyb
  3671 | D:4      | You fall into a shaft and drop 3 floors!
  3674 | D:7      | Noticed a steam dragon
  3686 | D:6      | Noticed Menkaure
  3755 | D:6      | Killed Menkaure
  3756 | D:6      | Reached XP level 6. HP: 27/32 MP: 7/12
  4292 | D:5      | Entered Level 5 of the Dungeon
  4340 | D:5      | Noticed a water moccasin
  4347 | D:5      | Killed a water moccasin
  4348 | D:5      | Reached skill level 5 in Spellcasting
  4348 | D:5      | Reached XP level 7. HP: 36/36 MP: 10/14
  4610 | D:6      | Found a staircase to the Ecumenical Temple.
  4990 | D:6      | Found Qejolo's General Store.
  5073 | D:6      | Found Veynwo's Magic Scroll Emporium.
  5080 | D:6      | Found Ufepuq's Armour Emporium.
  5083 | D:6      | Found Piyt's Magic Scroll Emporium.
  5113 | D:6      | Bought a +1 helmet for 149 gold pieces
  5118 | D:6      | Bought a scroll of enchant armour for 75 gold pieces
  5331 | D:7      | Reached XP level 8. HP: 29/41 MP: 14/16
  5576 | D:7      | Reached skill level 1 in Conjurations
  6026 | Temple   | Entered the Ecumenical Temple
  6582 | Temple   | Became a worshipper of Vehumet
  6694 | D:7      | Learned a level 2 spell: Passwall
  6698 | D:7      | Learned a level 3 spell: Stone Arrow
  6724 | D:7      | Noticed a wyvern
  6733 | D:7      | Killed a wyvern
  7091 | D:7      | Reached skill level 10 in Earth Magic
  7096 | D:7      | Reached skill level 5 in Conjurations
  7263 | D:7      | Reached XP level 9. HP: 45/45 MP: 11/18
  8057 | D:6      | Reached * piety under Vehumet
  8057 | D:6      | Offered knowledge of Magic Dart by Vehumet.
  9803 | D:3      | Found a burning altar of Makhleb.
  9947 | D:3      | Killed Ijyb
 10111 | D:5      | Offered knowledge of Poisonous Vapours by Vehumet.
 10118 | D:5      | Reached ** piety under Vehumet
 10512 | D:5      | Found a transporter.
 10515 | D:5      | Found a transporter.
 11517 | D:6      | Bought a scroll of teleportation for 33 gold pieces
 11576 | D:8      | Upgraded the game from 0.29-a0-356-g7bc237e783 to
                  | 0.29-a0-359-g541a27f54d
 11749 | D:8      | Reached skill level 2 in Fighting
 11795 | D:8      | Offered knowledge of Ignite Poison by Vehumet.
 11890 | D:8      | Reached skill level 3 in Fighting
 11891 | D:8      | Reached XP level 10. HP: 56/56 MP: 16/22
 11960 | D:8      | Reached skill level 4 in Fighting
 12138 | D:8      | Reached skill level 5 in Fighting
 12141 | D:8      | Reached *** piety under Vehumet
 12391 | D:8      | Reached skill level 6 in Fighting
 12721 | D:8      | Offered knowledge of Iskenderun's Mystic Blast by Vehumet.
 12937 | D:9      | Reached skill level 7 in Fighting
 13008 | D:9      | Reached **** piety under Vehumet
 13055 | D:9      | Found a staircase to the Orcish Mines.
 13249 | D:9      | Reached skill level 8 in Fighting
 13367 | D:9      | Offered knowledge of Sticky Flame by Vehumet.
 13894 | D:9      | Reached skill level 9 in Fighting
 14073 | D:9      | Reached ***** piety under Vehumet
 14194 | D:9      | Offered knowledge of Yara's Violent Unravelling by Vehumet.
 14314 | D:9      | Reached skill level 10 in Fighting
 14586 | D:10     | Entered Level 10 of the Dungeon
 14589 | D:10     | Noticed Maggie
 14597 | D:10     | Killed Maggie
 14607 | D:10     | Reached XP level 11. HP: 40/73 MP: 24/24
 14833 | D:9      | Reached skill level 10 in Spellcasting
 14870 | D:9      | Reached skill level 11 in Fighting
 14930 | D:9      | Reached skill level 1 in Armour
 14930 | D:9      | Reached skill level 1 in Shields
 15175 | D:10     | Noticed Erolcha
 15196 | D:10     | Cast into level 2 of the Abyss (Erolcha)
 15245 | Abyss:2  | Noticed a will-o-the-wisp
 15314 | Abyss:2  | Noticed a white ugly thing
 15316 | Abyss:2  | Noticed a white very ugly thing
 15316 | Abyss:2  | Noticed a white very ugly thing
 15317 | Abyss:2  | Noticed a white very ugly thing
 15317 | Abyss:2  | Noticed a white ugly thing
 15318 | Abyss:2  | Noticed a white ugly thing
 15340 | Abyss:2  | Noticed a spatial maelstrom
 15445 | Abyss:2  | Noticed a pharaoh ant
 15445 | Abyss:2  | Noticed an orc high priest
 15446 | Abyss:2  | Noticed an emperor scorpion
 15446 | Abyss:2  | Noticed a deep elf zephyrmancer
 15446 | Abyss:2  | Noticed a deep elf archer
 15482 | Abyss:2  | Noticed an orb spider
 15519 | Abyss:2  | Killed a pharaoh ant
 15525 | Abyss:2  | Noticed a wretched star
 15533 | Abyss:2  | Noticed a lich
 15534 | Abyss:2  | Killed from afar by a lich

Illustrated notes

Levels and vault maps discovered:
D:1:      erik_arrival_triangle_small, layout_basic,
          shapermc_ecumenical_altar_mp_urbaneastern,
          nicolae_concentric_dashed_squares_mild
D:2:      layout_loops_ring, uniq_terence
D:3:      layout_rooms, mainiacjoe_overflow_brackets, uniq_ijyb
D:4:      layout_basic, gup_sewer_entry_spiral
D:5:      gammafunk_wand_slinger, layout_loops_ring, serial_aquarium,
          aquarium_bridge_long_separate [aquarium_subvault_bridge,
          aquarium_subvault_wall, aquarium_subvault_bridge,
          aquarium_subvault_bridge, aquarium_subvault_bridge,
          aquarium_subvault_bridge], aquarium_window_corridor_3,
          aquarium_window_1, aquarium_window_corner, aquarium_window_2,
          aquarium_view_2c
D:6:      layout_cave_pods, minmay_temple_entry_from_below_a,
          minmay_shop_grid_forest, minmay_three_doors, uniq_menkaure
D:7:      layout_loops_ring, amcnicky_mini_corridor_feature,
          minmay_fractal_squares_gapless_5
D:8:      layout_basic, hex_intersection, lemuel_another_geyser
D:9:      layout_rooms, hiddenorc2_lemuel
D:10:     layout_grid_maze, lair_entry_dummy,
          eino_small_chamber_without_monster, uniq_erica, uniq_maggie,
          uniq_fannar, uniq_erolcha
Temple:   mainiacjoe_temple_starburst
Abyss:2:  base: D:2, evilmike_abyss_exit_mutagenic, hangedman_abyss_theft,
          hangedman_abyss_or_decor_slice

Skill      XL: |  1  2  3  4  5  6  7  8  9 10 11 |
---------------+----------------------------------+-----
Earth Magic    | 4 5 6 7 8 10 | 10.0
Spellcasting   | 3 4 5 6 8 9 10 | 10.0
Conjurations   | 5 7 |  7.6
Fighting       | 3 10 11 | 11.4
Armour         | 1 |  1.5
Shields        | 1 |  1.5
Dodging        | |  1.5
Stealth        | |  2.1
Transmutations | |  0.7

Action                   |  1- 3 |  4- 6 |  7- 9 | 10-12 || total
-------------------------+-------+-------+-------+-------++-------
Melee: Dagger            |    88 |   170 |   389 |   288 ||   935
       Unarmed           |     6 |       |       |       ||     6
       Punch             |     1 |     4 |       |       ||     5
       Rapier            |       |       |       |    60 ||    60
 Cast: Sandblast         |    14 |    23 |   102 |    64 ||   203
       Stone Arrow       |       |       |    17 |    39 ||    56
       Passwall          |       |       |     5 |       ||     5
  Use: Potion            |     1 |       |       |     3 ||     4
       Scroll            |       |     1 |    20 |     6 ||    27
 Stab: Sleeping          |     1 |     3 |     3 |       ||     7
Armor: Robe              |    32 |    65 |   204 |    79 ||   380
       Steam dragon scal |       |       |       |   201 ||   201
Dodge: Dodged            |    48 |    88 |   151 |   201 ||   488
Block: Kite shield       |       |       |    69 |   138 ||   207

Table legend: (Time is in decaauts)
 A = Elapsed time spent in this place.
 B = Non-inter-level travel time spent in this place.
 C = Inter-level travel time spent in this place.
 D = Time resting spent in this place.
 E = Time spent auto-exploring this place.
 F = Levels seen in this place.
 G = Mean time per level.
                   A        B        C        D        E       F      G
               +--------+--------+--------+--------+--------+-----+--------+
         Total |  15714 |  15177 |    537 |   4742 |   3417 |  12 | 1309.5 |
       Dungeon |  14777 |  14333 |    444 |   4655 |   2914 |  10 | 1477.7 |
        Temple |    613 |    520 |     93 |      0 |    503 |   1 |  613.0 |
         Abyss |    323 |    323 |      0 |     87 |      0 |   1 |  323.0 |
               +--------+--------+--------+--------+--------+-----+--------+

Top non-repeatable levels by time:
     D:6: 2165 daAuts
     D:7: 2055 daAuts
     D:9: 1913 daAuts
     D:5: 1545 daAuts
     D:3: 1499 daAuts
     D:4: 1450 daAuts
     D:1: 1436 daAuts
     D:8: 1205 daAuts
     D:2: 1005 daAuts
  Temple: 613 daAuts
    D:10: 500 daAuts
 Abyss:2: 323 daAuts
